 Seeded DCSS version 0.30.1-5-ged363bc7ee (webtiles) character file.

Game seed: 69 (custom seed)

149 Psyclone the Stinger (level 5, -1/28 HPs)
             Began as a Deep Elf Venom Mage on Sept 19, 2023.
             Killed from afar by an orc wizard (10 damage)
             ... with a puff of flame
             ... on level 3 of the Dungeon.
             The game lasted 00:06:24 (3584 turns).

Psyclone the Stinger (Deep Elf Venom Mage)          Turns: 3584, Time: 00:06:25

Health: -1/28      AC:  3    Str:  5    XL:     5   Next: 9%
Magic:  4/13       EV: 12    Int: 22    God:
Gold:   121        SH:  0    Dex: 15    Spells: 5/12 levels left

rFire   . . .        a - +1 club (spect)
rCold   . . .        (no shield)
rNeg    . . .        l - +0 robe
rPois   .            (no helmet)
rElec   .            (no cloak)
rCorr   .            (no gloves)
SInv    .            j - +0 pair of boots
Will    .....        r - amulet of reflection
Stlth   +            (no ring)
HPRegen 0.24/turn    (no ring)
MPRegen 0.13/turn

%: reflection
@: confused
A: no striking features
a: no special abilities


You were on level 3 of the Dungeon.
You visited 1 branch of the dungeon, and saw 3 of its levels.

You collected 121 gold pieces.

Inventory:

Hand Weapons
 a - a +1 spectral club (weapon)
Missiles
 h - 11 poisoned darts
Armour
 j - a +0 pair of boots (worn)
 l - a +0 robe (worn)
Jewellery
 r - an amulet of reflection (around neck)
 s - a ring of fire
Scrolls
 c - 2 scrolls of poison {unknown}
 d - a scroll of teleportation {unknown}
 e - a scroll of amnesia {unknown}
 m - 2 scrolls of noise {unknown}
 o - a scroll of identify {unknown}
 p - a scroll of butterflies {unknown}
 q - a scroll of enchant weapon {unknown}
Potions
 b - a potion of magic
 f - 2 potions of flight {unknown}
 g - a potion of might {unknown}
 i - a potion of degeneration {unknown}
 k - a potion of berserk rage {unknown}
 n - a potion of heal wounds {unknown}


   Skills:
 - Level 2.4 Dodging
 - Level 2.4 Stealth
 + Level 4.0 Spellcasting
 - Level 1.1 Transmutations
 - Level 6.0 Poison Magic


You had 5 spell levels left.
You knew the following spells:

 Your Spells              Type           Power      Damage    Failure   Level
a - Poisonous Vapours     Pois/Air       34%        N/A       4%          2
v - Sting                 Tmut/Pois      80%        1d7       2%          1
x - Olgreb's Toxic Radia  Pois           30%        N/A       10%         4

Your spell library contained the following spells:

 Spells                   Type           Power      Damage    Failure   Level
 Mephitic Cloud           Conj/Pois/Air  13%        N/A       14%         3


Dungeon Overview and Level Annotations

Branches:
Dungeon (3/15) Zot: 14391

Altars:


Message History

Your Spellcasting skill increases to level 4!
You have reached level 5!
You regained 2 hp, and now have 15/28 hp.
You're too confused to attack without stumbling around!
You're too confused to attack without stumbling around!
You're too confused to attack without stumbling around!
Something hits you.
You take 1 damage, and have 14/28 hp.
You hear some strange, mumbled words.
You are more confused.
You're too confused to attack without stumbling around!
You're too confused to attack without stumbling around!
You're too confused to attack without stumbling around!
You're too confused to attack without stumbling around!
You're too confused to attack without stumbling around!
Something hits you but does no damage.
You're too confused to attack without stumbling around!
Something hits you but does no damage.
You hear some strange, mumbled words.
Something tries to affect you, but you resist.
Something hits you but does no damage. Something hits you.
You take 1 damage, and have 14/28 hp.
You hear some strange, mumbled words.
You are more confused.
You hear some strange, mumbled words.
You are more confused.
Something hits you.
You take 4 damage, and have 11/28 hp.
You bump into the rock wall.
Something hits you but does no damage.
You bump into the rock wall.
Something hits you but does no damage.
You closely miss something.
Your +1 spectral club hits something.
Something hits you.
You take 3 damage, and have 9/28 hp.
You barely miss something.
Your +1 spectral club barely misses something.
You hear some strange, mumbled words.
A puff of flame appears from out of thin air!
The puff of flame hits you!
You die...

#. ...# ..#..
)...# ####..###
#@......##
#..####{(......#
#..†))......#..#
....####..##.#..#
. #..##.#..#
#........#
##.......#
#.......# ###
##.#.##.#


You could see a friendly +1 spectral club.

Vanquished Creatures
  An orc priest (D:3)
  Jessica (D:2)
  3 adders (D:2)
  5 orcs (D:3)
  9 bats
  3 endoplasms
  A giant cockroach (D:3)
  3 goblins
  9 hobgoblins
  4 jackals (D:2)
  6 quokkas
  4 ball pythons
  2 frilled lizards (D:1)
  3 kobolds
  5 rats
59 creatures vanquished.

Notes
Turn   | Place    | Note
-------+----------+-------------------------------------------
     0 | D:1      | Psyclone the Deep Elf Venom Mage began the quest for the
                  | Orb.
     0 | D:1      | Reached XP level 1. HP: 10/10 MP: 6/6
   307 | D:1      | Reached skill level 4 in Poison Magic
   307 | D:1      | Reached XP level 2. HP: 9/15 MP: 4/8
   387 | D:1      | Learned a level 2 spell: Poisonous Vapours
   978 | D:1      | Found a faded altar of an unknown god.
  1789 | D:1      | Reached XP level 3. HP: 12/19 MP: 1/9
  2103 | D:2      | Reached skill level 5 in Poison Magic
  2201 | D:2      | Noticed Jessica
  2209 | D:2      | Killed Jessica
  2210 | D:2      | Reached XP level 4. HP: 7/24 MP: 1/10
  3410 | D:2      | Learned a level 4 spell: Olgreb's Toxic Radiance
  3431 | D:3      | Reached skill level 6 in Poison Magic
  3569 | D:3      | Reached XP level 5. HP: 15/28 MP: 2/13
  3584 | D:3      | Killed from afar by an orc wizard

Illustrated notes

Levels and vault maps discovered:
D:1:      minmay_arrival_nine_rooms, layout_basic,
          dreamdust_ecumenical_altar_sealed_demon
D:2:      layout_loops_ring, minivault_11, uniq_jessica
D:3:      layout_loops_cross, mainiacjoe_overflow_catwalk, serial_bayou_pond_a

Skill      XL: |  1  2  3  4 |
---------------+-------------+-----
Poison Magic   | 4 5 6 |  6.0
Spellcasting   | 4 |  4.0
Dodging        | |  2.4
Stealth        | |  2.4
Transmutations | |  1.1

Action                     |  1- 3 |  4- 6 || total
---------------------------+-------+-------++-------
  Melee: Unarmed           |    12 |       ||    12
         Dagger            |    17 |       ||    17
         Club              |       |    37 ||    37
   Cast: Sting             |    23 |       ||    23
         Poisonous Vapours |    61 |    35 ||    96
         Olgreb's Toxic Ra |       |     1 ||     1
   Stab: Distracted        |       |     1 ||     1
         Sleeping          |       |     1 ||     1
 Armour: Robe              |    18 |    20 ||    38
  Dodge: Dodged            |    45 |    25 ||    70
  Block: Other             |       |     5 ||     5
